 Dungeon Crawl Stone Soup version 0.18.1-48-g4cf74bf (webtiles) character file.

102 meme the Vexing (level 4, -7/28 HPs)
             Began as a High Elf Arcane Marksman on July 11, 2016.
             Killed themself with a badly aimed iceblast (12 damage)
             ... on level 3 of the Dungeon.
             The game lasted 00:31:20 (2043 turns).

meme the Vexing (High Elf Arcane Marksman)          Turns: 2043, Time: 00:31:21

Health: -7/28      AC:  3    Str: 11    XL:     4   Next: 50%
Magic:  3/8        EV: 13    Int: 17    God:
Gold:   51         SH:  0    Dex: 14    Spells: 2 memorised, 3 levels left

rFire  . . .     SeeInvis .     a - +1 shortbow
rCold  . . .     Gourm    .     b - +0 robe
rNeg   . . .     Faith    .     (shield currently unavailable)
rPois  .         Spirit   .     (no helmet)
rElec  .         Dismiss  .     (no cloak)
rCorr  .         Reflect  .     g - +0 pair of gloves
SustAt .         Harm     .     (no boots)
MR     .....                    (no amulet)
Stlth  +.........               (no ring)
                                (no ring)

@: not resistant to hostile enchantments, very unstealthy
A: no striking features
a: no special abilities


You were on level 3 of the Dungeon.
You were not hungry.

You visited 1 branch of the dungeon, and saw 3 of its levels.

You collected 51 gold pieces.

Inventory:

Hand Weapons
 a - a +1 shortbow (weapon)
Missiles
 d - 59 arrows (quivered)
Armour
 b - a +0 robe (worn)
 g - a +0 pair of gloves (worn)
 h - a cursed +0 buckler
 i - a +0 leather armour
Jewellery
 o - an uncursed ring of resist corrosion {unknown}
Wands
 l - a wand of iceblast (11/15)
Scrolls
 e - 3 scrolls of remove curse
Potions
 k - a potion of flight
 n - a potion of curing
Books
 c - a book of Debilitation

   Spells                             Type                      Level
   a - Corona                         Hexes                        1
   b - Slow                           Hexes                        2
   c - Gell's Gravitas                Hexes/Translocation          3
   d - Inner Flame                    Hexes/Fire                   3
   e - Cause Fear                     Hexes                        4
   f - Leda's Liquefaction            Hexes/Earth                  4
Comestibles
 f - 3 bread rations
 p - a meat ration


   Skills:
 + Level 1.0 Fighting
 + Level 4.0 Bows
 + Level 2.8 Dodging
 + Level 0.2 Stealth
 + Level 2.2 Spellcasting
 + Level 4.0 Hexes
 + Level 0.2 Translocations


You had 3 spell levels left.
You knew the following spells:

 Your Spells              Type           Power        Failure   Level  Hunger
a - Corona                Hex            ###....      3%          1    #......
b - Gell's Gravitas       Hex/Tloc       #.........   24%         3    ###....


Dungeon Overview and Level Annotations

Branches:
Dungeon (3/15)

Altars:
Elyvilon
Fedhas


Message History

The bat barely misses you. The quokka barely misses you.
Casting: Corona
Confirm with . or Enter, or press ? or * to list all spells.
Aiming: Gell's Gravitas
Press: ? - help, Dir - move target cursor, f - hobgoblin, p - quokka
Aim: a hobgoblin, wielding a club Gravity reorients around the hobgoblin.
The goblin collides with the hobgoblin!
The quokka collides with the hobgoblin!
The bat hits you but does no damage. The quokka bites you.
* * * LOW HITPOINT WARNING * * *
The bat misses you. The quokka barely misses you.
Zapping:
l - a wand of iceblast (will waste charges)
Press: ? - help, Shift-Dir - straight line, p - hobgoblin That beam is likely to hit you.
Continue anyway?
The mass of ice explodes!
The iceblast engulfs the quokka.
You kill the quokka!
The iceblast engulfs the bat.
You kill the bat!
The iceblast engulfs you!
You die...

# #......##.....# ...#
######......# .....# ....####
+...........# ....####.....##..
#.........### ... ..#.....##.#
#.........#######.###.#.....##.#
#.........##....#.#........l##.#
##.........#........#.###.####.#
...####..........gg.#.#
#.##...## #####
#....#....@†..#b###.#.....#
....#
#....#........#g##.........
g##.#
#....####.....#.g.....#.#.# ..#
###.## #.....####g##...#.# #r#
#.# #.....#.r.......#.# #.# ..#
#.......gb....#.#.# ..# ###
#......÷....#(....# ###
###.#.......#.#.###
#.........#.. ...


You could see a hobgoblin and a goblin.

Vanquished Creatures
  3 adders (D:2)
  2 oozes (D:1)
  3 worms
  A giant gecko (D:1)
  2 orcs (D:3)
  4 giant cockroaches
  6 goblins
  4 hobgoblins
  6 jackals (D:3)
  8 kobolds
  3 quokkas
  5 bats
  A giant newt (D:2)
  4 rats
52 creatures vanquished.

Notes
Turn   | Place    | Note
--------------------------------------------------------------
     0 | D:1      | meme the High Elf Arcane Marksman began the quest for the Orb.
     0 | D:1      | Reached XP level 1. HP: 13/13 MP: 3/3
   242 | D:1      | Reached XP level 2. HP: 16/18 MP: 2/4
   634 | D:1      | Reached XP level 3. HP: 23/23 MP: 4/6
   705 | D:1      | Learned a level 3 spell: Gell's Gravitas
   973 | D:2      | Found a white marble altar of Elyvilon.
  1561 | D:2      | Reached XP level 4. HP: 28/28 MP: 5/8
  1913 | D:3      | Found a blossoming altar of Fedhas.
  2043 | D:3      | Killed themself with a badly aimed iceblast

Skill      XL: |  1  2  3  4 |
---------------+-------------+-----
Bows           | 3 4 |  4.0
Spellcasting   | 2 |  2.2
Hexes          | 4 |  4.0
Fighting       | |  1.0
Dodging        | |  2.8
Stealth        | |  0.2
Translocations | |  0.2

Action                   |  1- 3 |  4- 6 || total
-------------------------+-------+-------++-------
Melee: Shortbow          |     9 |       ||     9
 Fire: Shortbow          |    99 |    49 ||   148
 Cast: Corona            |    44 |     8 ||    52
       Gell's Gravitas   |     3 |     3 ||     6
  Use: Scroll            |     3 |     2 ||     5
       Potion            |     1 |     3 ||     4
 Stab: Sleeping          |     1 |       ||     1
  Eat: Meat ration       |     1 |       ||     1
       Chunk             |     1 |       ||     1
Armor: Robe              |    22 |    10 ||    32
Dodge: Dodged            |    51 |    35 ||    86
